 Dungeon Crawl Stone Soup version 0.17.1-3-g152610e (webtiles) character file.

1001 Blunderbuss the Ruffian (level 8, -13/73 HPs)
             Began as a Gargoyle Berserker on Mar 17, 2016.
             Was an Elder of Trog.
             Killed by divine providence
             ... invoked by an orc priest
              (14 damage)
             ... on level 9 of the Dungeon on Mar 18, 2016.
             The game lasted 00:21:14 (3695 turns).

Blunderbuss the Ruffian (Gargoyle Berserker)        Turns: 3695, Time: 00:21:14

Health: -13/73     AC: 23    Str: 28    XL:     8   Next: 20%
Magic:  8/8        EV: 12    Int:  8    God:    Trog [****..]
Gold:   347        SH:  0    Dex:  9    Spells: 0 memorised, 7 levels left

rFire  . . .     SeeInvis .     a - +5 mace (protect)
rCold  . . .     Clarity  .     u - +5 ring mail
rNeg   + . .     SustAt   .     (no shield)
rPois  ∞         Gourm    .     n - +0 helmet
rElec  +         Spirit   .     A - +0 cloak
rCorr  .         Warding  .     (no gloves)
rMut   .         Stasis   .     (no boots)
MR     .....                    (no amulet)
Stlth  ..........               (no ring)
                                d - ring of stealth

@: berserking, very quick, not resistant to hostile enchantments, extremely
unstealthy
A: negative energy resistance 1, electricity resistance, unbreathing,
petrification resistance, rot immunity, AC +5
a: Berserk, Trog's Hand, Brothers in Arms, Burn Spellbooks, Renounce Religion


You were on level 9 of the Dungeon.
You worshipped Trog.
Trog was greatly pleased with you.
You were not hungry.

You visited 1 branch of the dungeon, and saw 7 of its levels.

You collected 347 gold pieces.

Inventory:

Hand Weapons
 a - a +5 mace of protection (weapon)
 b - a +2 dagger of venom
 C - a +0 quarterstaff of speed
Armour
 n - a +0 helmet (worn)
 s - a +2 leather armour of cold resistance
 u - a +5 ring mail (worn)
 A - a +0 cloak (worn)
Jewellery
 d - a ring of stealth (left hand)
 w - an uncursed ring of sustain attributes {unknown}
Wands
 m - a wand of fireball (9)
 q - a wand of teleportation (4)
Scrolls
 f - 4 scrolls of remove curse
 g - 2 scrolls of identify
 i - 3 scrolls of fog
 o - a scroll of blinking
 z - a scroll of fear
Potions
 c - 2 potions of poison {unknown}
 e - 2 potions of mutation {unknown}
 j - a potion of agility
 k - a potion of brilliance {unknown}
 l - a potion of degeneration {unknown}
 p - 3 potions of magic {unknown}
 t - 3 potions of lignification {unknown}
 v - a potion of haste {unknown}
Comestibles
 h - 2 bread rations
 r - 3 meat rations


   Skills:
 + Level 5.0 Fighting
 + Level 3.3 Maces & Flails
 + Level 3.8 Armour
 + Level 4.5 Dodging
 + Level 0.5 Stealth
 * Level 5.5 Unarmed Combat


You had 7 spell levels left.
You didn't know any spells.

Dungeon Overview and Level Annotations

Branches:
Dungeon (9/15)                Orc (0/4) D:9
 Temple: D:4-7         Lair: D:8-11

Altars:
Ashenzari


Innate Abilities, Weirdness & Mutations

You are resistant to torment.
Your stone body is resilient (AC +5).
You are immune to poison.
You resist negative energy.
You are resistant to electric shocks.
You can survive without breathing.
You are immune to petrification.
You are immune to rotting.


Message History

The orc priest barely misses you.
The orc priest mumbles some strange prayers to Beogh against you.
Something smites you!
The orc priest hits you but does no damage.
You see here a dented filigree amulet.
You fail to use your ability.
The orc priest calls down the wrath of Beogh upon you.
Something smites you!
* * * LOW HITPOINT WARNING * * *
The orc priest calls down the wrath of Beogh upon you.
Something smites you!
* * * LOW HITPOINT WARNING * * *
Drink which item? (? for menu, Esc to quit)
Okay, then.
A red film seems to cover your vision as you go berserk!
You feel yourself moving faster!
You feel mighty!
You feel somewhat more hungry. The orc priest closely misses you.
The orc priest invokes the aid of Beogh against you.
Something smites you!
You die...

#.# #.# .
#.#
#.#####.#
.........
.....hoo#
.....ooo#
#@# #.#
#...# #.#
. #...#
#.# ..
#...# #.#
.. #[..#
#.#
..##.#.#
#.#
#.._..####
#.#
#.#.#....#
#.#


You could see a hound, 3 orc priests and 2 orcs.

Vanquished Creatures
  An ice beast (D:5)
  A phantom (D:5)
  A water moccasin zombie (D:5)
  2 scorpions (D:4)
  4 hounds
  2 orc wizards (D:5)
  2 crimson imps (D:5)
  An orc priest (D:5)
  7 worker ants
  A hound skeleton (D:4)
  4 gnolls
  9 adders
  2 oozes
  An adder zombie (D:5)
  A worm (D:5)
  6 giant geckos
  10 orcs
  4 giant cockroaches
  4 goblins
  6 hobgoblins
  9 jackals
  2 quokkas
  3 ball pythons
  6 bats
  A giant newt (D:1)
  A jackal skeleton (D:5)
  7 kobolds
  6 rats
104 creatures vanquished.

Notes
Turn   | Place    | Note
--------------------------------------------------------------
     0 | D:1      | Blunderbuss the Gargoyle Berserker began the quest for the Orb.
     0 | D:1      | Reached XP level 1. HP: 14/14 MP: 1/1
   223 | D:1      | Reached XP level 2. HP: 9/19 MP: 2/2
   847 | D:2      | Reached XP level 3. HP: 21/24 MP: 3/3
   861 | D:2      | Reached ** piety under Trog
  1102 | D:2      | Reached XP level 4. HP: 21/29 MP: 4/4
  1382 | D:3      | Reached skill level 4 in Fighting
  1890 | D:4      | Reached *** piety under Trog
  1923 | D:4      | Reached XP level 5. HP: 31/33 MP: 5/5
  2171 | D:4      | Reached XP level 6. HP: 27/39 MP: 6/6
  2235 | D:4      | Reached skill level 1 in Maces & Flails
  2807 | D:5      | Entered Level 5 of the Dungeon
  2842 | D:5      | Reached XP level 7. HP: 39/44 MP: 7/7
  2965 | D:5      | Reached skill level 5 in Unarmed Combat
  3291 | D:5      | Reached skill level 5 in Fighting
  3304 | D:5      | Reached XP level 8. HP: 49/49 MP: 8/8
  3459 | D:5      | Reached **** piety under Trog
  3631 | D:6      | You fall through a shaft for 3 floors!
  3631 | D:9      | Found a staircase to the Orcish Mines.
  3639 | D:9      | Found a shattered altar of Ashenzari.
  3694 | D:9      | HP: 1/49 [orc priest/divine providence (12)]
  3695 | D:9      | Killed from afar by an orc priest

Action                   |  1- 3 |  4- 6 |  7- 9 || total
-------------------------+-------+-------+-------++-------
Melee: Unarmed           |   147 |    24 |       ||   171
       Mace              |       |   102 |   119 ||   221
       Dagger            |       |    17 |       ||    17
       Quarterstaff      |       |    15 |       ||    15
Invok: Berserk           |     1 |     1 |     1 ||     3
Evoke: Wand              |       |     1 |       ||     1
  Use: Scroll            |       |    15 |     4 ||    19
       Potion            |       |     1 |       ||     1
 Stab: Sleeping          |       |       |     2 ||     2
       Distracted        |       |       |     1 ||     1
  Eat: Bread ration      |     1 |     1 |       ||     2
       Royal jelly       |       |     1 |       ||     1
       Fruit             |       |     2 |       ||     2
       Beef jerky        |       |     1 |       ||     1
